AoeStats
← 始于情深

Arena

510364467Analyzed
4v4 RM · 1d ago on Sep 30, 2026· 53m 45s· 8 players
Game mode
Random Map
Map size
Large (8 player)
Population
200
Speed
Normal
Resources
Standard
Victory
Conquest
Starting age
Dark Age
Ending age
Imperial Age
RankedLock teamsTeams togetherTeam positionsShared explorationLock speedFull tech treeHidden civsTurbo modeCheats
Victory
Defeat
🇷🇺 Danes · Russia
968
+12
🇰🇿 Magyars · Kazakhstan
948
+13
🇩🇪 Ethiopians · Germany
864
+16
🇩🇪 Bohemians · Germany
817
+19
🇨🇳 Hindustanis · China
927
-17
🇮🇳 Italians · India
891
-16
🇨🇳 Byzantines · China
864
-14
🇲🇽 Khmer · Mexico
829
-13
mimotaker
0:39 Loom
11:02 Feudal Age
15:44 Castle Age
18:45 Fletching
26:29 Wheelbarrow
25:45 Double-Bit Axe
25:45 Horse Collar
26:44 Tusk Swords
27:41 Hand Cart
27:13 Town Watch
29:37 Gold Mining
29:37 Stone Mining
29:55 Heavy Plow
30:32 Bloodlines
30:23 Husbandry
30:40 Crossbowman
31:29 Padded Archer Armor
37:30 Imperial Age
35:11 Light Cavalry
37:01 Scale Barding Armor
37:49 Arbalester
LlL
11:41 Feudal Age
16:07 Castle Age
14:21 Double-Bit Axe
14:50 Horse Collar
16:08 Gold Mining
19:17 Bow Saw
20:51 Heavy Plow
21:27 Stone Mining
24:20 Stone Shaft Mining
25:36 Gold Shaft Mining
24:56 Loom
26:15 Wheelbarrow
27:34 Forging
27:30 Scale Barding Armor
28:04 Hand Cart
30:56 Iron Casting
30:42 Chain Barding Armor
30:32 Squires
29:52 Pikeman
30:19 Arson
30:55 Treadmill Crane
34:52 Imperial Age
36:16 Plate Barding Armor
35:34 Elite Cataphract
36:37 Conscription
37:34 Logistica
darkLord
10:32 Feudal Age
16:37 Castle Age
16:45 Forging
17:11 Man-at-Arms
19:57 Loom
28:22 Fletching
32:29 Bodkin Arrow
32:30 Horse Collar
33:39 Double-Bit Axe
39:16 Imperial Age
36:52 Scale Mail Armor
37:01 Long Swordsman
40:08 Wheelbarrow
39:19 Town Watch
41:15 Padded Archer Armor
43:07 Bodkin Arrow
43:28 Leather Archer Armor
始于情深
10:48 Feudal Age
16:06 Castle Age
14:05 Double-Bit Axe
18:55 Horse Collar
19:54 Stone Mining
24:36 Bloodlines
31:07 Wheelbarrow
31:34 Grand Trunk Road
32:40 Gold Mining
32:56 Heavy Plow
33:56 Gold Shaft Mining
37:08 Imperial Age
35:20 Bow Saw
35:49 Stone Shaft Mining
36:23 Forging
37:04 Scale Mail Armor
37:20 Elite Ghulam
39:50 Iron Casting
39:31 Chain Mail Armor
40:24 Conscription
44:58 Blast Furnace
44:03 Scale Barding Armor
48:40 Husbandry
Walls vs Zombies 2009
10:51 Feudal Age
11:24 Double-Bit Axe
11:51 Horse Collar
13:12 Loom
16:08 Castle Age
17:56 Wheelbarrow
20:15 Bow Saw
20:06 Heavy Plow
20:23 Stone Mining
21:19 Hand Cart
22:07 Fletching
25:39 Fervor
29:25 Imperial Age
27:43 Gold Mining
28:28 Stone Shaft Mining
28:15 Masonry
28:15 Fortified Wall
28:26 Fortified Wall
29:35 Bodkin Arrow
29:40 Padded Archer Armor
29:52 Town Watch
30:26 Forging
30:16 Scale Mail Armor
30:39 Ballistics
31:24 Chemistry
30:13 Onager
32:50 Guilds
32:43 Bracer
33:00 Leather Archer Armor
33:18 Architecture
33:56 Siege Engineers
35:23 Murder Holes
35:02 Crossbowman
35:47 Thumb Ring
36:16 Ring Archer Armor
36:21 Iron Casting
36:16 Halberdier
37:15 Chain Mail Armor
38:02 Sanctity
39:16 Torsion Engines
40:43 Arbalester
41:31 Squires
42:02 Plate Mail Armor
42:32 Blast Furnace
41:19 Arson
41:58 Siege Onager
46:02 Heavy Scorpion
47:34 Squires
оливье
10:29 Feudal Age
19:06 Castle Age
17:13 Horse Collar
19:24 Bloodlines
26:01 Double-Bit Axe
31:04 Imperial Age
28:33 Loom
29:26 Wheelbarrow
29:40 Stone Mining
29:58 Heavy Plow
31:05 Scale Barding Armor
31:04 Light Cavalry
32:18 Recurve Bow
32:32 Corvinian Army
35:11 Bow Saw
34:56 Gold Mining
38:20 Gold Shaft Mining
38:43 Chain Barding Armor
38:47 Elite Magyar Huszar
45:11 Plate Barding Armor
ASTERIX
10:25 Feudal Age
15:20 Castle Age
14:03 Double-Bit Axe
15:33 Loom
24:43 Fletching
28:48 Gold Mining
30:24 Wheelbarrow
31:16 Horse Collar
38:37 Imperial Age
38:25 Scale Mail Armor
38:39 Forging
39:41 Conscription
39:11 Gambesons
39:28 Squires
40:00 Ballistics
39:57 Hand Cart
39:35 Arson
40:42 Man-at-Arms
41:01 Hamask
46:56 Chemistry
47:11 Gold Shaft Mining
46:47 Long Swordsman
48:57 Two-Handed Swordsman
50:08 Champion
Och Nö
11:09 Feudal Age
15:15 Castle Age
13:30 Double-Bit Axe
14:50 Horse Collar
17:18 Wheelbarrow
21:03 Fervor
21:14 Sanctity
21:36 Heavy Plow
23:23 Hand Cart
24:29 Hand Cart
25:45 Chemistry
25:04 Masonry
26:02 Masonry
28:40 Imperial Age
28:28 Scale Mail Armor
28:38 Forging
29:38 Siege Engineers
30:04 Architecture
30:31 Bow Saw
30:04 Pikeman
30:44 Squires
30:30 Arson
31:21 Conscription
32:39 Two-Man Saw
31:37 Houfnice
31:49 Halberdier
33:18 Chain Mail Armor
33:38 Iron Casting
35:49 Iron Casting
35:45 Plate Mail Armor
35:32 Fortified Wall
40:34 Blast Furnace
39:24 Fletching
39:35 Padded Archer Armor
39:40 Scale Barding Armor
39:23 Loom
39:23 Town Watch
39:44 Devotion
40:07 Ballistics
40:09 Bombard Tower
44:19 Chain Barding Armor
44:15 Leather Archer Armor
43:55 Bodkin Arrow
44:03 Caravan
44:34 Coinage
44:15 Guilds
45:14 Capped Ram
49:18 Arrowslits
49:23 Guard Tower
49:30 Murder Holes
52:45 Ring Archer Armor
52:16 Bracer
Connection lost

Rejoining the realm…

Still unreachable

The connection could not be restored.

Session expired

The server has moved on; the page needs a fresh start.